 Dungeon Crawl Stone Soup version 0.26-a0-1139-g7d2dc893a1 (webtiles) character file.

Game seed: 88740092202603743

150 Dracia the Ducker (level 5, -3/38 HPs)
             Began as a Demonspawn Gladiator on Dec 21, 2020.
             Killed by nerve-wracking pain
             ... invoked by an orc priest
              (10 damage)
             ... on level 4 of the Dungeon.
             The game lasted 00:03:11 (3139 turns).

Dracia the Ducker (Demonspawn Gladiator)            Turns: 3139, Time: 00:03:11

Health: -3/38      AC:  4    Str: 15    XL:     5   Next: 10%
Magic:  5/5        EV: 14    Int:  9    God:
Gold:   187        SH:  0    Dex: 15    Spells: 4/4 levels left

rFire    . . .     SeeInvis .   s - +3 whip (elec)
rCold    + . .     Faith    .   (no shield)
rNeg     . . .     Spirit   .   b - +0 leather armour
rPois    .         Reflect  .   c - +0 helmet
rElec    .         Harm     .   (no cloak)
rCorr    .         Rampage  .   (no gloves)
Will     .....                  (no boots)
Stlth    +.........             (no amulet)
HPRegen  0.12/turn              (no ring)
MPRegen  0.09/turn              (no ring)

@: no status effects
A: cold resistance 1, foul stench 1, miasma immunity
a: no special abilities


You were on level 4 of the Dungeon.
You visited 1 branch of the dungeon, and saw 4 of its levels.

You collected 187 gold pieces.


Innate Abilities, Weirdness & Mutations

Your flesh is cold resistant. (rC+)
You may emit foul miasma when damaged in melee.
You are immune to miasma.


   Skills:
 - Level 2.0 Fighting
 - Level 2.6 Staves
 - Level 1.7 Throwing
 + Level 3.0 Armour
 + Level 4.2 Dodging


You had 4 spell levels left.
You didn't know any spells.
Your spell library was empty.

Inventory:

Hand Weapons
 a - a +0 quarterstaff
 s - a +3 whip of electrocution (weapon)
Missiles
 d - 3 throwing nets (quivered) {=f=f}
Armour
 b - a +0 leather armour (worn)
 c - a +0 helmet (worn)
 i - a +0 cloak
Scrolls
 e - 3 scrolls of remove curse {unknown}
 f - 2 scrolls of enchant armour {unknown}
 g - 4 scrolls of identify {unknown}
 l - a scroll of blinking {unknown}
 n - a scroll of teleportation {unknown}
 o - a scroll of fog {unknown}
 p - 2 scrolls of fear {unknown}
 t - a scroll of magic mapping {unknown}
Potions
 h - a potion of cancellation {unknown}
 j - a potion of lignification {unknown}
 k - a potion of haste {unknown}
 m - a potion of might {unknown}
 q - a potion of curing {unknown}
 r - a potion of magic {unknown}

Dungeon Overview and Level Annotations

Branches:
Dungeon (4/15)
 Temple: D:4-7

Altars:
Gozag
Ru

Shops:
D:2 *

Annotations:
D:3 1 runed translucent door, lagdotcom's ghost, amateur GrEE

###### .....
#...# #....
####...####
#!........######
#....o..........
#...Zo@...#######
####.Z)##$.......
#...##.#######
#.<<##.#
....###.###
######.....#
#.....######.
#............
#.....######.


You could see an orc priest, an orc wizard, a leopard gecko skeleton and a
howler monkey skeleton.


Message History

Your demonic ancestry asserts itself...
You begin to emit a foul stench of rot and decay.
You hit the orc priest.
The orc priest is moderately wounded.
The howler monkey skeleton closely misses you.
The orc wizard closely misses you. The orc priest hits you with a +0 mace!
* * * LOW HITPOINT WARNING * * *
You hit the orc priest but do no damage.
The orc priest is moderately wounded.
The howler monkey skeleton closely misses you.
The orc wizard closely misses you.
You barely miss the orc priest.
The orc priest is moderately wounded.
The orc priest closely misses you.
The howler monkey skeleton barely misses you.
The orc wizard misses you.
Unknown command.
You barely miss the orc priest.
The orc priest is moderately wounded.
The orc priest hits you with a +0 mace.
* * * LOW HITPOINT WARNING * * *
The howler monkey skeleton barely misses you.
The orc wizard hits you with a +0 dagger.
* * * LOW HITPOINT WARNING * * *
You closely miss the orc priest.
The orc priest is moderately wounded.
The howler monkey skeleton hits you but does no damage.
The orc priest mumbles some strange prayers to Beogh against you.
Pain shoots through your body!
You die...

Skill      XL: |  1  2  3  4 |
---------------+-------------+-----
Armour         | 1 2 3 |  3.0
Dodging        | 3 4 |  4.2
Fighting       | |  2.0
Staves         | |  2.6
Throwing       | |  1.7

Action                   |  1- 3 |  4- 6 || total
-------------------------+-------+-------++-------
Melee: Quarterstaff      |   129 |    30 ||   159
       Whip              |       |    34 ||    34
 Stab: Sleeping          |     2 |     1 ||     3
       Paralysed         |       |     2 ||     2
Armor: Leather armour    |    33 |    11 ||    44
Dodge: Dodged            |    83 |    57 ||   140

Levels and vault maps discovered:
D:1:      eino_arrival_druids_welcome, layout_basic, corexii_leaking_fountain
D:2:      layout_basic, nicolae_gozag_zags_fifth_avenue
D:3:      layout_loops_cross, nicolae_ru_great_annihilating_truth,
          hellmonk_ghost_happy_afterlife
D:4:      layout_loops_ring, old_standard_altar, ebering_ghost_inner_flame

Notes
Turn   | Place    | Note
-------+----------+-------------------------------------------
     0 | D:1      | Dracia the Demonspawn Gladiator began the quest for the
                  | Orb.
     0 | D:1      | Reached XP level 1. HP: 16/16 MP: 1/1
   684 | D:1      | Reached skill level 1 in Armour
   684 | D:1      | Reached skill level 3 in Dodging
   684 | D:1      | Gained mutation: You are immune to miasma. [demonic
                  | ancestry]
   684 | D:1      | Reached XP level 2. HP: 22/22 MP: 2/2
  1213 | D:2      | Reached XP level 3. HP: 20/27 MP: 3/3
  1471 | D:2      | Found Gozag's Platinum Reserve.
  1472 | D:2      | Found an opulent altar of Gozag.
  1655 | D:2      | Reached skill level 2 in Armour
  2327 | D:2      | Gained mutation: Your flesh is cold resistant. (rC+)
                  | [demonic ancestry]
  2327 | D:2      | Reached XP level 4. HP: 33/33 MP: 4/4
  2562 | D:3      | Noticed lagdotcom's ghost (amateur GrEE)
  2565 | D:3      | Found a runed translucent door.
  2730 | D:3      | Found a sacrificial altar of Ru.
  2836 | D:3      | Reached skill level 4 in Dodging
  3135 | D:4      | Reached skill level 3 in Armour
  3135 | D:4      | Gained mutation: You may emit foul miasma when damaged in
                  | melee. [demonic ancestry]
  3135 | D:4      | Reached XP level 5. HP: 17/38 MP: 5/5
  3139 | D:4      | Killed from afar by an orc priest

Vanquished Creatures
  An orc priest (D:4)
  4 adders
  2 oozes
  4 worms
  A dart slug (D:2)
  4 leopard geckos
  4 orcs (D:3)
  2 giant cockroaches (D:2)
  2 hobgoblins
  A jackal (D:3)
  2 ball pythons (D:3)
  5 bats
  4 frilled lizards
  6 goblins
  12 kobolds
  12 rats
66 creatures vanquished.

Table legend: (Time is in decaauts)
 A = Elapsed time spent in this place.
 B = Non-inter-level travel time spent in this place.
 C = Inter-level travel time spent in this place.
 D = Time resting spent in this place.
 E = Time spent auto-exploring this place.
 F = Levels seen in this place.
 G = Mean time per level.
                   A        B        C        D        E       F      G
               +--------+--------+--------+--------+--------+-----+--------+
         Total |   3166 |   3077 |     89 |      0 |   2641 |   4 |  791.5 |
       Dungeon |   3166 |   3077 |     89 |      0 |   2641 |   4 |  791.5 |
               +--------+--------+--------+--------+--------+-----+--------+

Top non-repeatable levels by time:
     D:2: 1597 daAuts
     D:1: 922 daAuts
     D:3: 623 daAuts
     D:4: 23 daAuts

Table legend:
 A = Non-vault XP
 B = Vault XP
 C = Vault XP percentage of total XP
 D = Non-vault monster count
 E = Vault monster count
 F = Vault count percentage of total count
                 A         B        C        D         E       F
            +---------+---------+-------+---------+---------+-------
      Total |     209 |       6 |   2.8 |      62 |       4 |   6.1
            +---------+---------+-------+---------+---------+-------
        D:1 |      14 |       0 |   0.0 |      12 |       0 |   0.0
        D:2 |     100 |       0 |   0.0 |      30 |       0 |   0.0
        D:3 |      55 |       6 |   9.8 |      19 |       4 |  17.4
        D:4 |      40 |       0 |   0.0 |       1 |       0 |   0.0
            +---------+---------+-------+---------+---------+-------
